 Dungeon Crawl Stone Soup version 0.30-a0-696-g2367cd04db (webtiles) character file.

Game seed: 3466454206101958016

135 warriortoast the Covered (level 5, 0/38 HPs)
             Began as a Barachi Fighter on Jan 20, 2023.
             Was a Follower of Cheibriados.
             Succumbed to a water moccasin's poison
             ... in a sewer.
             The game lasted 00:05:51 (2408 turns).

warriortoast the Covered (Barachi Fighter)          Turns: 2408, Time: 00:05:51

Health: 0/38       AC:  8    Str: 19    XL:     5   Next: 18%
Magic:  5/5        EV:  9    Int: 13    God:    Cheibriados [*.....]
Gold:   105        SH:  5    Dex: 13    Spells: 4/4 levels left

rFire   + . .      SeeInvis .    a - +0 flail
rCold   + . .      Faith    .    c - +0 buckler
rNeg    . . .      Spirit   .    b - +0 scale mail
rPois   +          Reflect  .    (no helmet)
rElec   +          Harm     .    e - +0 cloak
rCorr   +          Rampage  .    (no gloves)
Will    .....                    (no boots) Stlth
                                 (no amulet)
HPRegen 0.26/turn                (no ring)
MPRegen 0.09/turn                (no ring)

@: lethally poisoned (0 -> -15), resistant, attractive, very slow
A: amphibious, slowness 1, strong legs 1, +LOS, frail 1, devolution 1
a: Hop, Renounce Religion, Bend Time


You were in a sewer.
You worshipped Cheibriados.
Cheibriados was aware of your devotion.
You visited 1 branch of the dungeon, and saw 4 of its levels.
You also visited: Sewer.

You collected 105 gold pieces.

Inventory:

Hand Weapons
 a - a +0 flail (weapon)
Missiles
 o - 3 poisoned darts (quivered)
Armour
 b - a +0 scale mail (worn)
 c - a +0 buckler (worn)
 e - a +0 cloak (worn)
Wands
 k - a wand of charming (7)
Scrolls
 f - a scroll of torment {unknown}
 h - 3 scrolls of identify {unknown}
 l - a scroll of blinking {unknown}
Potions
 d - a potion of might
 g - 2 potions of attraction
 i - a potion of degeneration {unknown}
 j - a potion of resistance
 n - a potion of curing {unknown}


   Skills:
 + Level 4.6 Fighting
 + Level 3.4 Maces & Flails
 + Level 4.6 Armour
 + Level 4.2 Shields


You had 4 spell levels left.
You didn't know any spells.
Your spell library contained the following spells:

 Spells                   Type           Power      Damage    Failure   Level
 Cigotuvi's Dreadful Rot  Necr/Pois/Air  0%         N/A       86%         2
 Poisonous Vapours        Pois/Air       0%         N/A       86%         2
 Mephitic Cloud           Conj/Pois/Air  0%         N/A       98%         3


Dungeon Overview and Level Annotations

Branches:
Dungeon (4/15)              Sewer (1/1)
 Temple: D:4-7

Altars:
Cheibriados
Gozag
Uskayaw

Shops:
D:2 [


Innate Abilities, Weirdness & Mutations

You are amphibious.
You cover ground slowly.
You can hop short distances.
You have an extended range of vision and can be seen from far away.
You are frail. (-10% HP)
You have hidden genetic defects.


Message History

The water moccasin barely misses you.
You miss the water moccasin.
The water moccasin is severely wounded.
You feel sick. The water moccasin bites you.
You are more poisoned.
The water moccasin poisons you! The water moccasin bites you.
You closely miss the water moccasin.
The water moccasin is severely wounded.
You feel very sick. You block the water moccasin's attack.
The water moccasin barely misses you.
You barely miss the water moccasin.
The water moccasin is severely wounded.
You feel very sick.
The water moccasin bites you but does no damage.
You barely miss the water moccasin.
The water moccasin is severely wounded.
You feel very sick.
The water moccasin bites you but does no damage. x2
You hit the water moccasin.
The water moccasin is severely wounded.
You feel very sick. The water moccasin closely misses you.
The water moccasin bites you.
* * * LOW HITPOINT WARNING * * *
You are more poisoned.
The water moccasin poisons you!
It was a potion of attraction.
You feel attractive to monsters.
* * * LOW HITPOINT WARNING * * *
You feel very sick.
The water moccasin bites you but does no damage.
It was a potion of resistance.
You feel protected.
* * * LOW HITPOINT WARNING * * *
You feel very sick. You block the water moccasin's attack.
It was a potion of mutation.
You feel extremely strange.
You feel stupid.
You feel a hidden malignance growing inside you.
You feel frail.
You feel clever.
You die...

... .. .. .. #######
.# ##.....## !#
##...≈...## .#
##†..≈†≈...#######.#
#∩†.≈≈≈≈≈.......@S†#
##.†.≈≈≈...#######.#
##...≈...## .#
##.....## .# #######
.# .# .# ∩# ##


You could see a water moccasin.

Vanquished Creatures
  An orc wizard (D:3)
  3 adders (D:3)
  2 worms (D:4)
  2 dart slugs
  An orc (D:3)
  15 bats
  5 endoplasms
  2 giant cockroaches
  5 goblins
  4 hobgoblins
  2 jackals (D:1)
  4 quokkas
  12 ball pythons
  5 kobolds
  5 rats
68 creatures vanquished.

Vanquished Creatures (collateral kills)
  An orc (D:3)
1 creature vanquished.

Grand Total: 69 creatures vanquished

Notes
Turn   | Place    | Note
-------+----------+-------------------------------------------
     0 | D:1      | warriortoast the Barachi Fighter began the quest for the
                  | Orb.
     0 | D:1      | Reached XP level 1. HP: 18/18 MP: 1/1
    96 | D:1      | Reached XP level 2. HP: 12/25 MP: 2/2
   474 | D:1      | Reached XP level 3. HP: 11/30 MP: 3/3
   939 | D:2      | Found Zerar's Armour Shoppe.
   974 | D:2      | You fall into a shaft and drop 1 floor!
   974 | D:3      | Found an opulent altar of Gozag.
  1026 | D:3      | Reached XP level 4. HP: 31/37 MP: 4/4
  1710 | D:3      | Found a faded altar of an unknown god.
  2045 | D:3      | Reached XP level 5. HP: 38/43 MP: 5/5
  2150 | D:4      | Found a hide-covered altar of Uskayaw.
  2227 | D:4      | Found a snail-covered altar of Cheibriados.
  2247 | D:4      | Became a worshipper of Cheibriados the Contemplative
  2270 | D:4      | Found a glowing drain.
  2338 | Sewer    | Entered a sewer
  2394 | Sewer    | Noticed a water moccasin
  2396 | Sewer    | Reached * piety under Cheibriados
  2407 | Sewer    | HP: 2/43 [poisoned by a water moccasin]
  2408 | Sewer    | Gained mutation: You are dopey. (Int -2) [potion of
                  | mutation]
  2408 | Sewer    | Gained mutation: You have hidden genetic defects. [potion
                  | of mutation]
  2408 | Sewer    | Gained mutation: You are frail. (-10% HP) [potion of
                  | mutation]
  2408 | Sewer    | Lost mutation: You are dopey. (Int -2) [potion of mutation]
  2408 | Sewer    | Succumbed to a water moccasin's poison

Illustrated notes

Levels and vault maps discovered:
D:1:      psy_arrival_spokes, layout_rooms, grunt_decor_resistance
D:2:      layout_rooms, serial_shops, nicolae_shop_crystal
D:3:      layout_basic, general_overflow_altar,
          nicolae_ecumenical_snake_handling
D:4:      layout_loops_ring, nemelex_diamond_rough_becter,
          eat_drink_and_be_merry_uskayaw, lemuel_mausoleum_altar_yredelemnul,
          cheibriados_altar_1, cheibrodos_sewer_entry_bend
Sewer:    sewer_big_baddie

Skill      XL: |  1  2  3  4 |
---------------+-------------+-----
Armour         | 4 |  4.6
Fighting       | 4 |  4.6
Maces & Flails | 3 |  3.4
Shields        | 4 |  4.2

Action                   |  1- 3 |  4- 6 || total
-------------------------+-------+-------++-------
Melee: Flail             |   127 |   153 ||   280
 Abil: Hop               |     1 |       ||     1
Evoke: Wand              |       |     1 ||     1
  Use: Potion            |       |     3 ||     3
       Scroll            |       |     2 ||     2
Armor: Scale mail        |    84 |   154 ||   238
Dodge: Dodged            |   102 |   131 ||   233
Block: Buckler           |    45 |    71 ||   116

Table legend: (Time is in decaauts)
 A = Elapsed time spent in this place.
 B = Non-inter-level travel time spent in this place.
 C = Inter-level travel time spent in this place.
 D = Time resting spent in this place.
 E = Time spent auto-exploring this place.
 F = Levels seen in this place.
 G = Mean time per level.
                   A        B        C        D        E       F      G
               +--------+--------+--------+--------+--------+-----+--------+
         Total |   2772 |   2718 |     54 |    644 |   1238 |   5 |  554.4 |
       Dungeon |   2680 |   2626 |     54 |    644 |   1221 |   4 |  670.0 |
         Sewer |     92 |     92 |      0 |      0 |     16 |   1 |   92.0 |
               +--------+--------+--------+--------+--------+-----+--------+

Top non-repeatable levels by time:
     D:3: 1321 daAuts
     D:1: 1063 daAuts
     D:4: 251 daAuts
   Sewer: 92 daAuts
     D:2: 44 daAuts
